 Dungeon Crawl Stone Soup version 0.32-a0-953-g508020473e (webtiles) character file.

Game seed: 10808116728189741244

95 Cancer the Changeling (level 4, 0/35 HPs)
             Began as a Draconian Shapeshifter on Apr 17, 2024.
             Slain by a gnoll
             ... wielding a +0 whip
              (5 damage)
             ... on level 3 of the Dungeon.
             The game lasted 00:02:36 (1829 turns).

Cancer the Changeling (Draconian Shapeshifter)      Turns: 1829, Time: 00:02:36

Health: 0/35       AC:  5    Str: 18    XL:     4   Next: 39%
Magic:  4/4        EV: 11    Int: 11    God:
Gold:   72         SH:  0    Dex: 10    Spells: 3/3 levels left

rFire   . . .        o - +0 quarterstaff
rCold   . . .        (shield currently unavailable)
rNeg    . . .        (body armour unavailable)
rPois   .            (helmet currently unavailable)
rElec   .            (cloak currently unavailable)
rCorr   .            (gloves currently unavailable)
SInv    .            (boots currently unavailable)
Will    +....        (no amulet)
Stlth   +            e - ring of willpower
HPRegen 0.25/turn    (no ring)
MPRegen 0.09/turn

%: no passive effects
@: beast-form
A: beast (slay +2), AC +5, unfitting armour, cold-blooded
a: Begin Untransformation


You were on level 3 of the Dungeon.
You were a hulking beast.
You visited 1 branch of the dungeon, and saw 3 of its levels.

You collected 72 gold pieces.

Inventory:

Hand Weapons
 n - a +0 sling
 o - a +0 quarterstaff (weapon)
Armour
 d - a +0 cloak
Jewellery
 e - a ring of willpower (left hand)
Talismans
 b - a beast talisman (active)
 c - a flux talisman
Scrolls
 f - a scroll of vulnerability {unknown}
 h - 3 scrolls of identify {unknown}
 i - 3 scrolls of immolation {unknown}
 j - 2 scrolls of acquirement {unknown}
 k - a scroll of brand weapon {unknown}
 l - 2 scrolls of noise {unknown}
Potions
 a - a potion of lignification
 g - a potion of mutation {unknown}
 m - a potion of berserk rage {unknown}
 p - a potion of haste {unknown}


   Skills:
 - Level 1.1 Fighting
 - Level 1.7 Dodging
 - Level 3.0 Unarmed Combat
 + Level 5.0 Shapeshifting


You had 3 spell levels left.
You didn't know any spells.
Your spell library contained the following spells:

 Spells                   Type           Power      Damage    Failure   Level
 Tukima's Dance           Hex            0%         N/A       71%         3
 Dimensional Bullseye     Hex/Tloc       0%         N/A       98%         4
 Iskenderun's Mystic Bla Conj/Tloc 0%             2d3        (+2d1     98%         4


Dungeon Overview and Level Annotations

Branches:
Dungeon (3/15)

Altars:


Innate Abilities, Weirdness & Mutations

You are a hulking beast.
Your limbs bulge with bestial killing power. (Slay +2)
Your plain brown scales are hard. (AC +5)
You cannot fit into any form of body armour.
You are cold-blooded and may be slowed by cold attacks.


Message History

A gnoll comes into view. It is wielding a +0 whip.
A gnoll comes into view. It is wielding a +0 flail.
The gnoll shouts!
You hit the gnoll.
The gnoll is heavily wounded.
The gnoll barely misses you.
You hit the gnoll.
Your tail-slap misses the gnoll.
The gnoll is heavily wounded.
The gnoll hits you with a +0 whip.
You hit the gnoll.
The gnoll is almost dead.
You closely miss the gnoll.
The gnoll is almost dead.
The gnoll hits you with a +0 whip. x2; The gnoll closely misses you.
You barely miss the gnoll.
The gnoll is almost dead.
The gnoll hits you with a +0 whip. x2
You are too injured to fight recklessly!
Unknown command.
The gnoll attacks as it pursues you! The gnoll misses you.
The gnoll attacks as it pursues you! The gnoll hits you with a +0 whip.
The gnoll attacks as it pursues you! The gnoll hits you but does no damage.
The gnoll attacks as it pursues you! The gnoll closely misses you.
You sock the gnoll!
You kill the gnoll!
Your Shapeshifting skill increases to level 5!
There is an open door here.
The gnoll attacks as it pursues you! The gnoll hits you with a +0 whip.
* * * LOW HITPOINT WARNING * * *
The gnoll attacks as it pursues you! The gnoll hits you with a +0 whip.
* * * LOW HITPOINT WARNING * * *
The gnoll attacks as it pursues you! The gnoll misses you.
You hit the gnoll but do no damage. The gnoll closely misses you.
You sock the gnoll!
The gnoll is heavily wounded.
The gnoll barely misses you. The gnoll completely misses you.
You hit the gnoll but do no damage.
The gnoll is heavily wounded.
The gnoll hits you with a +0 whip.
You die...

####.######
##'##
##...##
##.....##
##.......##
#.........#
+.........+
#.........#
##...h...##
##.gg..##
##.g.##
##'## #.#
#)# ##.##
##...##
#.....#


You could see 3 gnolls.

Vanquished Creatures
  4 gnolls
  3 ribbon worms (D:2)
  2 bats (D:1)
  4 endoplasms
  4 giant cockroaches
  5 goblins
  4 hobgoblins
  7 kobolds
  A quokka (D:1)
  6 ball pythons
  A frilled lizard (D:1)
  6 rats
47 creatures vanquished.

Notes
Turn   | Place    | Note
-------+----------+-------------------------------------------
     0 | D:1      | Cancer the Draconian Shapeshifter began the quest for the
                  | Orb.
     0 | D:1      | Reached XP level 1. HP: 16/16 MP: 1/1
   134 | D:1      | Reached XP level 2. HP: 21/23 MP: 2/2
   449 | D:1      | Reached skill level 4 in Shapeshifting
   508 | D:1      | Reached XP level 3. HP: 28/28 MP: 3/3
   748 | D:1      | Found a faded altar of an unknown god.
  1362 | D:2      | Reached XP level 4. HP: 12/35 MP: 4/4
  1823 | D:3      | Reached skill level 5 in Shapeshifting
  1829 | D:3      | Slain by a gnoll

Illustrated notes

Levels and vault maps discovered:
D:1:      lightli_arrival_windingriver, layout_loops_corners,
          nicolae_ecumenical_snake_handling
D:2:      layout_rooms, minmay_fountain_box, minmay_misc_feat_ornament
D:3:      layout_loops_corners, roderic_serpentine_path,
          kennysheep_generic_room_4

Skill      XL: |  1  2  3  4 |
---------------+-------------+-----
Shapeshifting  | 4 5 |  5.0
Fighting       | |  1.1
Dodging        | |  1.7
Unarmed Combat | |  3.0

Action                     |  1- 3 |  4- 6 || total
---------------------------+-------+-------++-------
  Melee: Unarmed           |    64 |       ||    64
         Tailslap          |     8 |       ||     8
         Quarterstaff      |    33 |    22 ||    55
   Stab: Sleeping          |     1 |       ||     1
 Armour: Skin              |    62 |    18 ||    80
  Dodge: Dodged            |    62 |    15 ||    77

Table legend: (Time is in decaauts)
 A = Elapsed time spent in this place.
 B = Non-inter-level travel time spent in this place.
 C = Inter-level travel time spent in this place.
 D = Time resting spent in this place.
 E = Time spent auto-exploring this place.
 F = Levels seen in this place.
 G = Mean time per level.
                   A        B        C        D        E       F      G
               +--------+--------+--------+--------+--------+-----+--------+
         Total |   1844 |   1639 |    205 |      0 |   1258 |   3 |  614.7 |
       Dungeon |   1844 |   1639 |    205 |      0 |   1258 |   3 |  614.7 |
               +--------+--------+--------+--------+--------+-----+--------+

Top non-repeatable levels by time:
     D:1: 1094 daAuts
     D:2: 657 daAuts
     D:3: 93 daAuts
